 Seeded DCSS version 0.29.1-15-g9cfb28693d (webtiles) character file.

Game seed: 16245865983455551772 (custom seed)

166 Darius099 the Sneak (level 5, 0/36 HPs)
             Began as an Octopode Brigand on Mar 11, 2023.
             Slain by an orc wizard
             ... wielding a +0 dagger
              (2 damage)
             ... on level 3 of the Dungeon.
             The game lasted 00:03:23 (2449 turns).

Darius099 the Sneak (Octopode Brigand)              Turns: 2449, Time: 00:03:24

Health: 0/36       AC:  1    Str: 10    XL:     5   Next: 47%
Magic:  5/5        EV: 12    Int: 26    God:
Gold:   107        SH:  0    Dex: 15    Spells: 4/4 levels left

rFire   . . .      SeeInvis .   a - +2 dagger
rCold   . . .      Faith    .   (no shield)
rNeg    . . .      Spirit   .   (helmet restricted)
rPois   .          Reflect  .   (no amulet)
rElec   .          Harm     .   h - +6 ring of intelligence
rCorr   .          Rampage  .   i - +6 ring of intelligence
Will    .....                   (no ring)
Stlth   ++++......              (no ring)
HPRegen 0.12/turn               (no ring)
MPRegen 0.09/turn               (no ring)
                                (no ring)
                                (no ring)

@: no status effects
A: almost no armour, amphibious, 8 rings, camouflage 1, gelatinous body 1,
(nimble swimmer 1), tentacles
a: no special abilities


You were on level 3 of the Dungeon.
You visited 1 branch of the dungeon, and saw 3 of its levels.

You collected 107 gold pieces.

Inventory:

Hand Weapons
 a - a +2 dagger (weapon)
Missiles
 b - 15 poisoned darts (quivered)
 c - 3 curare-tipped darts
Jewellery
 h - a +6 ring of intelligence (left tentacle)
 i - a +6 ring of intelligence (right tentacle)
Scrolls
 d - 3 scrolls of acquirement {unknown}
 g - 2 scrolls of teleportation {unknown}
 k - 2 scrolls of identify {unknown}
 l - a scroll of enchant weapon {unknown}
 m - a scroll of summoning {unknown}
 n - a scroll of immolation {unknown}
Potions
 e - a potion of might {unknown}
 f - 2 potions of flight {unknown}
 j - a potion of lignification {unknown}


   Skills:
 + Level 3.5 Fighting
 + Level 3.5 Short Blades
 - Level 2.0 Throwing
 - Level 1.0 Dodging
 + Level 6.8 Stealth


You had 4 spell levels left.
You didn't know any spells.
Your spell library contained the following spells:

 Spells                   Type           Power      Damage    Failure   Level
 Sting                    Tmut/Pois      0%         1d3       13%         1
 Poisonous Vapours        Pois/Air       0%         N/A       19%         2
 Olgreb's Toxic Radiance  Pois           0%         N/A       77%         4


Dungeon Overview and Level Annotations

Branches:
Dungeon (3/15)

Altars:

Annotations:
D:3 Natasha


Innate Abilities, Weirdness & Mutations

You cannot wear most types of armour.
You are amphibious.
You can wear up to eight rings at the same time.
Your skin changes colour to match your surroundings (Stealth+).
Your rubbery body absorbs attacks. (AC +1, EV +1)
((You are camouflaged when in or above water. (Stealth+)))
You have tentacles for arms and can constrict up to eight enemies at once.


Message History

You hit something.
The crimson imp blinks!
Something hits you but does no damage. The orc hits you with a +0 dagger.
You hear some strange, mumbled words.
You are confused.
There is an escape hatch in the floor here.
You hit the orc.
The orc is heavily wounded.
The orc barely misses you.
You bump into the rock wall.
You bump into the rock wall.
You closely miss something. Your squeeze misses something.
You're too confused to move!
You hear some strange, mumbled words.
Something tries to affect you, but you resist.
Something completely misses you.
You feel less confused.
You hear some strange, mumbled words.
You are confused.
You bump into the rock wall.
You hear some strange, mumbled words.
A puff of flame appears from out of thin air!
The puff of flame hits you! Natasha claws you.
The crimson imp blinks!
You barely miss something. Something hits you.
You miss something.
You feel less confused. Something hits you.
You miss something. Your squeeze misses something. Something hits you.
You hit something. You squeeze something. Something hits you.
You closely miss something. You squeeze something. Something hits you.
* * * LOW HITPOINT WARNING * * *
You barely miss something. Your squeeze misses something.
You barely miss something. Something hits you.
* * * LOW HITPOINT WARNING * * *
You hit something. Something barely misses you.
You hit something. Something hits you.
* * * LOW HITPOINT WARNING * * *
You miss something. Something hits you.
You die...

#### .#.# ... ..#
#.###5#####.#
#............
###############)#
#........@.o.>..#
#.#########..####
###.##### #.§.....#
#>.....†###.#.....#
#.....†..............
####.#.###...#.#.#######
#....#.# ###.#.#..
#.####.#####.#.### #.#
#.#...#...#


You could see an orc.

Vanquished Creatures
  An orc priest (D:3)
  Jessica (D:2)
  An orc wizard (D:3)
  Natasha (D:3)
  2 adders
  4 orcs (D:3)
  5 ball pythons
  2 bats
  4 endoplasms (D:1)
  2 goblins (D:1)
  5 hobgoblins
  2 kobolds (D:1)
  3 quokkas (D:1)
  A frilled lizard (D:1)
  5 rats
39 creatures vanquished.

Vanquished Creatures (others)
  2 plants (D:3)
2 creatures vanquished.

Grand Total: 41 creatures vanquished

Notes
Turn   | Place    | Note
-------+----------+-------------------------------------------
     0 | D:1      | Darius099 the Octopode Brigand began the quest for the Orb.
     0 | D:1      | Reached XP level 1. HP: 14/14 MP: 1/1
    61 | D:1      | Reached XP level 2. HP: 19/19 MP: 2/2
   126 | D:1      | Found a faded altar of an unknown god.
   899 | D:1      | Reached XP level 3. HP: 22/25 MP: 3/3
  1037 | D:2      | Noticed Jessica
  1041 | D:2      | Killed Jessica
  1042 | D:2      | Reached skill level 6 in Stealth
  1042 | D:2      | Reached XP level 4. HP: 30/30 MP: 4/4
  2096 | D:3      | Noticed Natasha
  2104 | D:3      | Killed Natasha
  2352 | D:3      | Reached XP level 5. HP: 34/36 MP: 5/5
  2415 | D:3      | Noticed Natasha
  2449 | D:3      | Slain by an orc wizard

Illustrated notes

Levels and vault maps discovered:
D:1:      minmay_arrival_hallway, layout_loops_corners, basic_ecumenical_altar,
          minmay_unequal
D:2:      layout_loops_ring, uniq_jessica
D:3:      layout_basic, serial_shops, nicolae_shop_advertising_works
          [nicolae_subvault_shop_adworks], minmay_shallow_snake_nest,
          uniq_natasha

Skill      XL: |  1  2  3  4 |
---------------+-------------+-----
Stealth        | 6 |  6.8
Short Blades   | 3 |  3.5
Fighting       | 3 |  3.5
Throwing       | |  2.0
Dodging        | |  1.0

Action                   |  1- 3 |  4- 6 || total
-------------------------+-------+-------++-------
Melee: Dagger            |    28 |    51 ||    79
       Tentacles         |     4 |    17 ||    21
       Constrict         |     7 |    10 ||    17
 Stab: Sleeping          |    12 |     1 ||    13
Armor: Skin              |       |     4 ||     4
Dodge: Dodged            |    10 |    22 ||    32
